 Dungeon Crawl Stone Soup version 0.28.0-43-g3370ac3207 (webtiles) character file.

Game seed: 9422891077965240428

33 fknight the Chopper (level 3, -7/33 HPs)
             Began as a Hill Orc Monk on Mar 3, 2022.
             Mangled by a worm (8 damage)
             ... on level 2 of the Dungeon.
             The game lasted 00:02:48 (545 turns).

fknight the Chopper (Hill Orc Monk)                  Turns: 545, Time: 00:02:49

Health: -7/33      AC:  5    Str: 12 (15) XL:     3   Next: 29%
Magic:  3/3        EV: 11    Int:  7 (10) God:
Gold:   2          SH:  0    Dex: 11 (13) Spells: 2/2 levels left

rFire   . . .      SeeInvis .   a - +0 hand axe
rCold   . . .      Faith    .   (no shield)
rNeg    . . .      Spirit   .   d - +0 ring mail
rPois   .          Reflect  .   (no helmet)
rElec   .          Harm     .   (no cloak)
rCorr   .          Rampage  .   (no gloves)
Will    .....                   (no boots)
Stlth   +.........              (no amulet)
HPRegen 0.11/turn               (no ring)
MPRegen 0.08/turn               (no ring)

@: no status effects
A: no striking features
a: no special abilities


You were on level 2 of the Dungeon.
You visited 1 branch of the dungeon, and saw 2 of its levels.

You collected 2 gold pieces.

Inventory:

Hand Weapons
 a - a +0 hand axe (weapon)
Missiles
 e - 4 stones (quivered)
 f - 7 poisoned darts
Armour
 b - a +0 robe
 d - a +0 ring mail (worn)
Scrolls
 g - a scroll of amnesia {unknown}
 h - a scroll of teleportation {unknown}
 i - a scroll of identify {unknown}
 j - a scroll of fog {unknown}


   Skills:
 + Level 4.0 Fighting
 + Level 4.5 Axes
 + Level 2.7 Dodging
 + Level 2.1 Stealth


You had 2 spell levels left.
You didn't know any spells.
Your spell library contained the following spells:

 Spells                   Type           Power      Damage    Failure   Level
 Dazzling Flash           Conj/Hex       0%         N/A       97%         3
 Iskenderun's Mystic Bla  Conj/Tloc      0%         2d3       100%        4
 Starburst                Conj/Fire      0%         6d3       100%        6


Dungeon Overview and Level Annotations

Branches:
Dungeon (1/15)

Altars:


Message History

You hit the worm.
The worm is severely wounded.
The worm bites you.
You hit the worm.
The worm is almost dead.
You hit the worm.
The worm is almost dead.
The worm bites you but does no damage.
You hit the worm.
The worm is almost dead.
The worm bites you.
You hit the worm but do no damage.
The worm is almost dead.
You completely miss the worm.
The worm is almost dead.
The worm bites you!
* * * LOW HITPOINT WARNING * * *
You hit the worm but do no damage.
The worm is almost dead.
The worm misses you.
You hit the worm.
The worm is almost dead.
You hit the worm but do no damage.
The worm is almost dead.
The worm bites you.
* * * LOW HITPOINT WARNING * * *
You hit the worm.
The worm is almost dead.
The worm bites you.
* * * LOW HITPOINT WARNING * * *
It was a potion of degeneration.
There was something very wrong with that liquid.
You feel weakened.
You feel dopey.
You feel clumsy.
You completely miss the worm.
The worm is almost dead.
The worm barely misses you.
You barely miss the worm.
The worm is almost dead.
The worm bites you!
You die...

..∩## ...#
##### ### ...#
.....### ...
..♣.. ....#..
###..... .....
#....##
......... .....
...#[#...#..<..
...## #.##.#
....... ...#
#...#.#†..#
...# #...##@#
...# #.#...#w#
#........##S#
#.##.##....#hg
..
...##.#..#J.)
#.#.##.......#
.$# # #
#.##..##.# ##
#. ...# #..
.##. ..


You could see a worm, a hound, an endoplasm, a goblin and a ball python.

Vanquished Creatures
  An adder skeleton (D:2)
  2 ball pythons (D:2)
  5 endoplasms
  2 giant cockroaches
  2 hobgoblins (D:2)
  2 quokkas
  3 bats
  5 kobolds
  5 rats (D:1)
27 creatures vanquished.

Notes
Turn   | Place    | Note
-------+----------+-------------------------------------------
     0 | D:1      | fknight the Hill Orc Monk began the quest for the Orb.
     0 | D:1      | Reached XP level 1. HP: 19/19 MP: 1/1
    98 | D:1      | Reached XP level 2. HP: 22/27 MP: 2/2
   408 | D:1      | You fall into a shaft and drop 1 floor!
   408 | D:2      | Found a faded altar of an unknown god.
   436 | D:2      | Reached XP level 3. HP: 30/33 MP: 3/3
   542 | D:2      | HP: 1/33 [worm (2)]
   545 | D:2      | Mangled by a worm

Illustrated notes

Levels and vault maps discovered:
D:1:      lightli_arrival_lavapool, layout_basic
D:2:      layout_loops_cross, serial_shops, shop, basic_altar,
          hellmonk_ecumenical_altar_arch_garden, minmay_vboxes

Skill      XL: |  1  2  3 |
---------------+----------+-----
Stealth        | 2 |  2.1
Fighting       | 4 |  4.0
Axes           | |  4.5
Dodging        | |  2.7

Action                   || total
-------------------------++-------
Melee: Hand axe          ||    81
       Punch             ||     2
  Use: Potion            ||     1
 Stab: Sleeping          ||     3
Armor: Robe              ||     3
       Ring mail         ||    20
Dodge: Dodged            ||    46
